 Dungeon Crawl Stone Soup version 0.28-a0-724-g66f9036eb4 (webtiles) character file.

Game seed: 17592676263800530044

130254 jasper the Severer (level 16, -16/240 HPs)
             Began as a Minotaur Berserker on Oct 26, 2021.
             Was a High Priest of Trog.
             Demolished by a peacekeeper (25 damage)
             ... in the Desolation of Salt on Oct 27, 2021.
             The game lasted 00:54:02 (29506 turns).

jasper the Severer (Minotaur Berserker)            Turns: 29506, Time: 00:54:02

Health: -16/240    AC: 25    Str: 27    XL:     16   Next: 52%
Magic:  15/15      EV: 12    Int:  8    God:    Trog [*****.]
Gold:   3058       SH:  0    Dex: 13    Spells: 15/15 levels left

rFire   + + .      SeeInvis .   y - +4 battleaxe (freeze)
rCold   . . .      Faith    .   (shield currently unavailable)
rNeg    + . .      Spirit   .   b - +3 plate armour {rF+}
rPois   .          Reflect  .   (helmet restricted)
rElec   .          Harm     .   f - +0 cloak
rCorr   .          Rampage  .   Z - +1 pair of gloves {Dex+3}
Will    ++++.                   (no boots)
Stlth   ..........              e - amulet of Xom's Amusement {Acrobat Will+ Regen+ Int+4 Dex-5}
HPRegen 1.50/turn               U - ring of protection from fire
MPRegen 0.14/turn               l - ring "Qukyigan" {rN+ Will++ Str+3}

@: berserking, very quick
A: horns 2, retaliatory headbutt
a: Renounce Religion, Berserk, Trog's Hand, Brothers in Arms


You were in the Desolation of Salt.
You worshipped Trog.
Trog was extremely pleased with you.
You visited 5 branches of the dungeon, and saw 24 of its levels.
You also visited: Bailey, Gauntlet, Volcano and Desolation.

You collected 5310 gold pieces.
You spent 2252 gold pieces at shops.

Inventory:

Hand Weapons
 c - a +3 battleaxe of flaming
 h - a +0 vorpal executioner's axe
 p - a +4 antimagic battleaxe
 y - a +4 battleaxe of freezing (weapon)
 V - a +5 executioner's axe of freezing
Missiles
 d - 566 stones
 m - 136 poisoned darts
 r - 8 silver javelins
 B - 3 throwing nets
 E - 58 boomerangs (quivered)
 H - 4 curare-tipped darts
Armour
 b - a +3 plate armour of fire resistance (worn)
 f - a +0 cloak (worn)
 v - a +2 chain mail of poison resistance
 G - the +0 pair of gloves of Xueth {+Inv}
   (You found it in a bailey)

   +Inv:      It lets you turn invisible.
 Z - a +1 pair of gloves of dexterity (worn)
Jewellery
 e - the amulet of Xom's Amusement (around neck) {Acrobat Will+ Regen+ Int+4 Dex-5}
   (You found it in a Gauntlet)

   [amulet of the acrobat]

   It increases your evasion while moving and waiting.
   Int:       It affects your intelligence (+4).
   Dex:       It affects your dexterity (-5).
   Regen:     It increases your rate of health regeneration.
   Will:      It increases your willpower.
 l - the ring "Qukyigan" (right hand) {rN+ Will++ Str+3}
   (You found it in a Gauntlet)

   [ring of positive energy]

   Str:       It affects your strength (+3).
   rN:        It protects you from negative energy.
   Will:      It greatly increases your willpower.
 F - the amulet "Paerig" {RegenMP rElec Slay+2}
   (You found it in a bailey)

   [amulet of magic regeneration]

   It increases your rate of magic regeneration.
   Slay:      It affects your accuracy & damage with ranged weapons and melee
   (+2).
   rElec:     It insulates you from electricity.
 S - a ring of resist corrosion
 U - a ring of protection from fire (left hand)
Wands
 s - a wand of mindburst (4)
 C - a wand of acid (7)
 N - a wand of digging (9)
 Q - a wand of polymorph (10)
 T - a wand of flame (49)
 X - a wand of charming (31)
Scrolls
 g - 6 scrolls of immolation
 i - 4 scrolls of enchant armour
 w - 6 scrolls of enchant weapon
 I - 2 scrolls of magic mapping
 J - 15 scrolls of teleportation
 K - a scroll of summoning
 L - a scroll of fog
 M - 4 scrolls of vulnerability
 R - a scroll of holy word
 Y - 6 scrolls of identify
Potions
 a - 4 potions of flight
 j - 6 potions of might
 k - a potion of ambrosia
 n - 6 potions of mutation
 q - a potion of resistance
 u - a potion of attraction
 A - 3 potions of lignification
 D - 2 potions of haste
 O - 3 potions of cancellation
 W - a potion of magic
Miscellaneous
 o - a lightning rod (4/4)
 x - a tin of tremorstones (inert)
 z - a phantom mirror


   Skills:
 * Level 19.2 Fighting
 - Level 20.0 Axes
 + Level 17.2 Armour
 - Level 10.0 Dodging
 + Level 9.8 Evocations


You had 15 spell levels left.
You didn't know any spells.
Your spell library was empty.

Dungeon Overview and Level Annotations

Branches:
Dungeon (12/15)            Temple (0/1) D:7            Lair (6/6) D:10
  Swamp (0/4) Lair:2       Spider (3/4) Lair:2        Slime (0/5) Lair:5
    Orc (2/2) D:12            Elf (1/3) Orc:2        Bailey (visited)
Volcano (visited)         Desolation (1/1)          Gauntlet (visited)

Altars:
Dithmenos
Elyvilon
Hepliaklqana
Kikubaaqudgha
Qazlal
Sif Muna
Vehumet
Wu Jian
Xom

Shops:
D:7 ((   D:12 **   Orc:2 *:?([

Annotations:
D:11 3 runed translucent doors, KoroneIsBestGirl's ghost, novice BaIE
Lair:6 1 runed translucent door, AttackTheMoon's ghost, journeyman FoFi
Spider:3 Arachne


Innate Abilities, Weirdness & Mutations

You have a pair of horns on your head.
You reflexively headbutt those who attack you in melee.


Message History

The peacekeeper claws you but does no damage.
The ragged hierophant points at you and mumbles some strange words.
A blast of power from the earth and the adjacent constructs strikes you!
* * * LOW HITPOINT WARNING * * *
You take 56 damage, and have 19/160 hp.
MASSIVE DAMAGE!!
Okay, then.
Okay, then.
You hit the peacekeeper but do no damage.
You headbutt the peacekeeper.
The peacekeeper is lightly damaged.
You slash the peacekeeper! You freeze the peacekeeper. You hit the saltling.
You freeze the saltling. You slash the ragged hierophant!
You freeze the ragged hierophant.
Your plate armour prevents you from hitting the saltling.
You slash the saltling! You freeze the saltling.
The peacekeeper roars a battlecry!
The saltling goes into a battle-frenzy!
The peacekeeper bites you but does no damage.
The peacekeeper misses you. The saltling closely misses you.
You furiously retaliate!
You headbutt the saltling. The saltling barely misses you.
You furiously retaliate!
You headbutt the saltling, but do no damage.
The saltling hits you but does no damage.
You regained 2 hp, and now have 21/160 hp.
A red film seems to cover your vision as you go berserk!
You feel yourself moving faster!
You feel mighty!
Your skin stops crawling.
You feel less strong-willed.
The peacekeeper bites you but does no damage.
The peacekeeper misses you. The peacekeeper completely misses you.
The peacekeeper claws you but does no damage.
The ragged hierophant casts a spell.
The ragged hierophant begins to accept its allies' injuries.
The saltling completely misses you. The saltling hits you!
* * * LOW HITPOINT WARNING * * *
The saltling barely misses you.
The peacekeeper bites you but does no damage.
The peacekeeper claws you!
* * * LOW HITPOINT WARNING * * *
The peacekeeper bites you!!
You die...

#####..........
##..............
.....#...........
..........#......
.................
......§.§........
..9...99§......
.......@9§§§.
....§§a99§§§
....§.§§§§§§
....§§§§§§§§
.......§§§§§
......§§§§.. .
....§§§....
............
.............


You could see a ragged hierophant, 2 peacekeepers and 4 saltlings.

Vanquished Creatures
  Jorgrun (Lair:2)
  Gastronok (Lair:2)
  Donald (Orc:2)
  An orc warlord (Orc:1)
  A ghost moth (Spider:3)
  Nessos (Lair:6)
  A red draconian (Volcano)
  2 spark wasps (Spider:2)
  Harold (D:11)
  A fire dragon (Lair:2)
  2 peacekeepers (Elf:1)
  A catoblepas (Lair:5)
  Erica (D:11)
  A boulder beetle (Spider:1)
  An ogre mage (Volcano)
  9 hydras
  A centaur warrior (D:12)
  16 death yaks
  A dancing weapon (Elf:1)
  5 orc high priests (Orc:2)
  6 two-headed ogres
  A deep elf knight (Elf:1)
  Sonja (D:12)
  A fire crab (Gauntlet)
  An obsidian statue (Volcano)
  A lindwurm (Lair:1)
  6 orc knights (Orc:2)
  4 deep elf zephyrmancers (Elf:1)
  15 wolf spiders
  3 orc sorcerers
  6 deep elf pyromancers (Elf:1)
  5 orb spiders
  4 manticores
  A necromancer (Lair:2)
  An ugly thing (D:12)
  2 large abominations (Gauntlet)
  2 cyclopes
  11 elephants
  5 black mambas
  A guardian serpent (Desolation)
  A molten gargoyle (Lair:2)
  A gargoyle (D:10)
  2 torpor snails
  19 cane toads
  4 demonic crawlers
  6 rime drakes
  2 kobold demonologists
  14 komodo dragons
  6 trolls
  A meliai (shapeshifter) (D:11)
  3 meliai (Spider:2)
  3 polar bears
  A wind drake (Lair:6)
  21 jumping spiders
  29 blink frogs
  A saltling (Desolation)
  4 hornets
  2 wraiths
  2 shadows
  An air elemental (Elf:1)
  41 yaks
  31 tarantellas
  A vampire (D:9)
  5 small abominations (Gauntlet)
  46 redbacks
  5 wyverns
  2 fire elementals (Elf:1)
  9 fire bats
  3 steam dragons
  5 basilisks
  A death yak simulacrum (D:12)
  6 wargs
  4 swamp worms (Lair:2)
  10 water moccasins
  42 orc warriors
  2 sky beasts (D:6)
  4 ice beasts
  2 black bears
  4 ogres
  3 centaurs
  16 wolves
  3 kobold brigands
  8 bullfrogs
  4 gnoll sergeants
  3 earth elementals (Elf:1)
  2 two-headed ogre simulacra (D:12)
  A water moccasin skeleton (D:6)
  5 killer bees (D:9)
  An elephant simulacrum (D:12)
  A vampire bat (D:7)
  9 wights
  4 howler monkeys
  2 electric eels (D:12)
  5 centaur zombies
  5 lava snakes (Volcano)
  A jelly (D:8)
  38 orc priests
  6 hounds
  2 bullfrog skeletons
  4 gnoll shamans (D:7)
  27 orc wizards
  3 polar bear simulacra (Lair:2)
  A troll simulacrum (D:12)
  3 yak simulacra (Lair:2)
  A spriggan simulacrum (D:12)
  3 wolf simulacra
  A killer bee zombie (D:6)
  27 gnolls
  A naga simulacrum (D:12)
  5 adders
  2 shadow imps (D:7)
  2 ufetubi
  A worm (D:4)
  A dart slug (D:1)
  85 orcs
  4 ball pythons
  A bat skeleton (D:7)
  3 bat zombies (D:7)
  8 endoplasms
  6 giant cockroaches
  15 goblins
  8 hobgoblins
  15 jackals
  5 quokkas (D:1)
  3 training dummies (D:7)
  4 bats
  2 frilled lizards (D:1)
  33 kobolds
  2 rats (D:1)
  3 river rat simulacra (Lair:2)
870 creatures vanquished.

Vanquished Creatures (collateral kills)
  A dire elephant (Lair:6)
  A minotaur (Gauntlet)
  A merfolk avatar (Lair:6)
  A catoblepas (Lair:5)
  A wolf spider (Spider:1)
  A polar bear (Lair:5)
  A wind drake (Lair:6)
  A snapping turtle (Lair:6)
  2 tarantellas (Spider:3)
  A wyvern (Lair:6)
  A bullfrog (Lair:5)
  A gnoll (D:11)
13 creatures vanquished.

Vanquished Creatures (others)
  28 fungi
  57 plants
85 creatures vanquished.

Grand Total: 968 creatures vanquished

Notes
Turn   | Place    | Note
-------+----------+-------------------------------------------
     0 | D:1      | jasper the Minotaur Berserker began the quest for the Orb.
     0 | D:1      | Reached XP level 1. HP: 19/19 MP: 0/0
   169 | D:1      | Reached skill level 4 in Axes
   506 | D:1      | Reached XP level 2. HP: 26/26 MP: 1/1
   595 | D:1      | Found a faded altar of an unknown god.
   994 | D:1      | Reached skill level 5 in Axes
  1054 | D:1      | Reached XP level 3. HP: 31/31 MP: 2/2
  1444 | D:2      | Reached ** piety under Trog
  2327 | D:3      | Reached skill level 6 in Axes
  2327 | D:3      | Reached XP level 4. HP: 39/39 MP: 3/3
  2374 | D:3      | Reached skill level 7 in Axes
  2374 | D:3      | Reached XP level 5. HP: 45/45 MP: 4/4
  2771 | D:3      | Reached *** piety under Trog
  2827 | D:3      | Reached XP level 6. HP: 52/52 MP: 5/5
  3362 | D:4      | Reached skill level 8 in Axes
  3864 | D:4      | Reached XP level 7. HP: 52/60 MP: 6/6
  4346 | D:5      | Entered Level 5 of the Dungeon
  5003 | D:5      | Noticed a wraith
  5019 | D:5      | Reached skill level 5 in Fighting
  5019 | D:5      | Reached skill level 9 in Axes
  5243 | D:6      | Reached skill level 5 in Armour
  5419 | D:6      | Reached XP level 8. HP: 70/70 MP: 7/7
  5438 | D:6      | Reached skill level 10 in Axes
  5859 | D:6      | Found a white marble altar of Elyvilon.
  5920 | D:6      | Found a stormy altar of Qazlal.
  6011 | D:6      | Reached **** piety under Trog
  6012 | D:6      | Reached skill level 11 in Axes
  6355 | D:7      | Found Fuxzong's Firing Range.
  6427 | D:7      | Bought a throwing net for 33 gold pieces
  6456 | D:7      | Found a staircase to the Ecumenical Temple.
  6464 | D:7      | Found Bighadda's Antique Weapon Shoppe.
  6576 | D:7      | Found a flagged portal.
  6582 | D:7      | Reached XP level 9. HP: 79/79 MP: 8/8
  6587 | Bailey   | Entered a bailey
  6739 | Bailey   | Identified the amulet "Paerig" {RegenMP rElec Slay+2}
  6898 | Bailey   | Identified the +0 pair of gloves of Xueth {+Inv}
  6948 | Bailey   | Reached skill level 12 in Axes
  7248 | D:7      | Found a radiant altar of Vehumet.
  7437 | D:7      | Reached ***** piety under Trog
  7540 | D:7      | Found an ornate altar of the Wu Jian Council.
  7559 | D:7      | Found an ancient bone altar of Kikubaaqudgha.
  7985 | D:7      | Reached skill level 13 in Axes
  8489 | D:7      | Reached XP level 10. HP: 67/90 MP: 9/9
  9028 | D:8      | Noticed a two-headed ogre
  9085 | D:8      | Killed a two-headed ogre
  9282 | D:8      | Identified the ring "Ugiun" {*Slow rC- Str+6 Int+4 Dex+3}
 10110 | D:8      | Found a hazy altar of Hepliaklqana.
 10111 | D:8      | Found a shimmering altar of Xom.
 10129 | D:8      | Found a shadowy altar of Dithmenos.
 10138 | D:8      | Found a shimmering blue altar of Sif Muna.
 10275 | D:9      | Reached skill level 14 in Axes
 10756 | D:10     | Entered Level 10 of the Dungeon
 11035 | D:10     | Noticed a death yak
 11044 | D:9      | Killed a death yak
 11045 | D:9      | Reached skill level 10 in Fighting
 11045 | D:9      | Reached skill level 15 in Axes
 11109 | D:10     | Noticed a death yak
 11109 | D:10     | Noticed a death yak
 11110 | D:10     | Noticed a death yak
 11110 | D:10     | Noticed a death yak
 11117 | D:9      | Killed a death yak
 11118 | D:9      | Reached skill level 10 in Armour
 11158 | D:10     | Noticed a death yak
 11177 | D:9      | Killed a death yak
 11178 | D:9      | Reached XP level 11. HP: 69/101 MP: 10/10
 11180 | D:9      | Killed a death yak
 11429 | D:10     | Noticed a two-headed ogre
 11438 | D:10     | Killed a two-headed ogre
 11636 | D:10     | Noticed a death yak
 11642 | D:10     | Killed a death yak
 11644 | D:10     | Killed a death yak
 11644 | D:10     | Noticed a death yak
 11645 | D:10     | Reached skill level 16 in Axes
 11651 | D:10     | Killed a death yak
 11658 | D:10     | Killed a death yak
 11745 | D:10     | Found a staircase to the Lair.
 12511 | D:11     | Received a gift from Trog
 12833 | D:11     | Noticed Erica
 12842 | D:11     | Killed Erica
 12849 | D:11     | Reached skill level 17 in Axes
 12887 | D:11     | Noticed Harold
 12905 | D:11     | Killed Harold
 12906 | D:11     | Reached XP level 12. HP: 101/112 MP: 11/11
 13052 | D:11     | Noticed a two-headed ogre
 13058 | D:11     | Killed a two-headed ogre
 13435 | D:11     | Found a runed translucent gate.
 13435 | D:11     | Found a runed translucent gate.
 13435 | D:11     | Found a runed translucent gate.
 13436 | D:11     | Noticed a 12-headed hydra
 13440 | D:11     | Noticed KoroneIsBestGirl's ghost (novice BaIE)
 13443 | D:11     | Noticed an 11-headed hydra
 13878 | D:12     | Found a gate leading to a gauntlet.
 13896 | Gauntlet | Entered a Gauntlet
 13896 | Gauntlet | Found a transporter.
 13905 | Gauntlet | Found a transporter.
 13920 | Gauntlet | Found a transporter.
 13925 | Gauntlet | Found a transporter.
 13940 | Gauntlet | Found a transporter.
 13962 | Gauntlet | Found a transporter.
 13971 | Gauntlet | Found a transporter.
 13983 | Gauntlet | Found a transporter.
 13989 | Gauntlet | Found a transporter.
 14004 | Gauntlet | Found a transporter.
 14006 | Gauntlet | Noticed a balrug
 14016 | Gauntlet | Found a transporter.
 14022 | Gauntlet | Found a transporter.
 14022 | Gauntlet | Found a transporter.
 14061 | Gauntlet | Found a transporter.
 14087 | Gauntlet | Found a transporter.
 14089 | Gauntlet | Found a transporter.
 14109 | Gauntlet | Found a transporter.
 14127 | Gauntlet | Found a transporter.
 14208 | Gauntlet | Identified the +1 helmet "Kysozu" {Int+2}
 14455 | Gauntlet | Noticed a minotaur
 14462 | Gauntlet | Killed a minotaur
 14463 | Gauntlet | Reached skill level 18 in Axes
 14723 | Gauntlet | Identified the amulet of Xom's Amusement {Acrobat Will+
                  | Regen+ Int+4 Dex-5}
 14723 | Gauntlet | Identified the ring "Qukyigan" {rN+ Will++ Str+3}
 14773 | D:12     | Found a staircase to the Orcish Mines.
 14789 | D:12     | Noticed a two-headed ogre
 14827 | Lair:1   | Entered Level 1 of the Lair of Beasts
 14917 | Lair:1   | Found a dark tunnel.
 14932 | Volcano  | Entered a volcano
 15023 | Volcano  | Noticed a two-headed ogre
 15026 | Volcano  | Killed a two-headed ogre
 15030 | Volcano  | Noticed a red draconian
 15036 | Volcano  | Noticed an ogre mage
 15038 | Volcano  | Noticed a two-headed ogre
 15052 | Volcano  | Killed a red draconian
 15057 | Volcano  | Killed an ogre mage
 15059 | Volcano  | Killed a two-headed ogre
 15067 | Volcano  | Found a radiant altar of Vehumet.
 15249 | Lair:1   | Reached skill level 19 in Axes
 15492 | Lair:1   | Identified a scroll of acquirement
 15492 | Lair:1   | Acquired 1193 gold pieces
 15575 | Lair:1   | Reached XP level 13. HP: 122/122 MP: 12/12
 16105 | Lair:2   | Noticed Gastronok
 16116 | Lair:2   | Killed Gastronok
 16548 | Lair:2   | Found a hole to the Spider Nest.
 16903 | Lair:2   | Noticed a fire dragon
 16906 | Lair:2   | Reached skill level 20 in Axes
 16917 | Lair:2   | Killed a fire dragon
 16943 | Lair:2   | Identified the +1 chain mail of Urhev {Drain rElec Stlth+}
 16944 | Lair:2   | Identified the +1 chain mail of Day {rCorr Slay+3 Stlth+}
 17250 | Lair:2   | Found a staircase to the Swamp.
 17423 | Lair:3   | Received a gift from Trog
 17484 | Lair:3   | Reached skill level 15 in Fighting
 17641 | Lair:3   | Reached skill level 15 in Armour
 18004 | Lair:4   | Reached skill level 1 in Evocations
 18005 | Lair:4   | Reached XP level 14. HP: 135/135 MP: 13/13
 18328 | Lair:4   | Reached skill level 5 in Dodging
 19244 | Lair:5   | Received a gift from Trog
 19275 | Lair:5   | Reached skill level 5 in Evocations
 19361 | Lair:5   | Found a staircase to the Slime Pits.
 19435 | Lair:5   | Identified the +1 war axe of Anxiety {chaos, Fly rPois}
 19747 | Lair:6   | Entered Level 6 of the Lair of Beasts
 20065 | Lair:6   | Noticed Nessos
 20592 | D:12     | Noticed Sonja
 20598 | D:12     | Killed Sonja
 20661 | D:12     | Found Obuynwul's General Store.
 20705 | D:12     | Found Qoogudiz's Assorted Antiques.
 20709 | D:12     | Bought a scroll of blinking for 90 gold pieces
 20713 | D:12     | Bought a scroll of acquirement for 1612 gold pieces
 20713 | D:12     | Acquired 824 gold pieces
 20958 | Orc:1    | Entered Level 1 of the Orcish Mines
 21097 | Orc:1    | Noticed an orc warlord
 21127 | Orc:1    | Killed an orc warlord
 21137 | Orc:1    | Reached skill level 10 in Dodging
 21354 | Lair:6   | Killed Nessos
 21495 | Lair:6   | Reached XP level 15. HP: 134/141 MP: 14/14
 21654 | Lair:6   | HP: 4/143 [snapping turtle (21)]
 21829 | Lair:6   | Found a runed translucent door.
 21848 | Lair:6   | Identified the +5 rapier of the Ancient Mystics {drain, Fly
                  | rN+ Will+}
 21938 | Lair:6   | Received a gift from Trog
 22040 | Lair:6   | Noticed AttackTheMoon's ghost (journeyman FoFi)
 22558 | Orc:1    | You fall into a shaft and drop 1 floor!
 22558 | Orc:2    | Entered Level 2 of the Orcish Mines
 22848 | Orc:2    | Found Hatwaab's Assorted Antiques.
 22875 | Orc:2    | Bought a scroll of teleportation for 93 gold pieces
 22875 | Orc:2    | Bought a potion of heal wounds for 155 gold pieces
 23379 | Orc:2    | Noticed Donald
 23390 | Orc:2    | Killed Donald
 23463 | Orc:2    | Reached ****** piety under Trog
 23464 | Orc:2    | Received a gift from Trog
 23904 | Orc:2    | Found Yhiupte's Antique Armour Shoppe.
 23904 | Orc:2    | Found Petwaifu's Book Shoppe.
 23905 | Orc:2    | Found Uklolip's Antique Weapon Shoppe.
 23905 | Orc:2    | Found Iminot's Magic Scroll Emporium.
 23915 | Orc:2    | Bought a scroll of teleportation for 45 gold pieces
 23915 | Orc:2    | Bought a scroll of enchant weapon for 112 gold pieces
 23915 | Orc:2    | Bought a scroll of blinking for 112 gold pieces
 23982 | Orc:2    | Found a staircase to the Elven Halls.
 24226 | Spider:1 | Entered Level 1 of the Spider Nest
 24249 | Spider:1 | Noticed Jorgrun
 24534 | Lair:2   | Killed Jorgrun
 24912 | Spider:1 | Received a gift from Trog
 25922 | Spider:2 | Reached XP level 16. HP: 157/157 MP: 15/15
 28878 | Spider:3 | Noticed Arachne
 29199 | Elf:1    | Entered Level 1 of the Elven Halls
 29347 | Elf:1    | Paralysed by an air elemental for 1 turns
 29440 | Elf:1    | Found a crumbling gateway.
 29494 | Desolati | Entered the Desolation of Salt
 29506 | Desolati | HP: 9/240 [peacekeeper (8)]
 29506 | Desolati | Demolished by a peacekeeper

Illustrated notes

Levels and vault maps discovered:
D:1:      co_arrival_random_square_maze, layout_basic,
          hellmonk_ecumenical_altar_blasted
D:2:      layout_basic, nrook_campfire
D:3:      layout_basic, solitary_fountain
D:4:      layout_cave_pods, grunt_ministairs_13
D:5:      minmay_clustersquares, layout_basic, hangedman_decor_opposing,
          corexii_leaking_fountain
D:6:      layout_loops_ring, mainiacjoe_overflow_surrounded_room,
          kennysheep_little_box, uniq_crazy_yiuf_cottage
D:7:      kennysheep_housing_project, layout_loops_corners,
          nicolae_vehumet_radiance, kennysheep_mini, kennysheep_vampire_church,
          temple_pool_b, enter_bailey_3, serial_shops, shop_statue,
          nicolae_shop_firing_range
D:8:      layout_gridville, regret_index_temple_of_mockery,
          mainiacjoe_overflow_swirl
D:9:      layout_gridville
D:10:     layout_loops_ring, dpeg_lair_monsters
D:11:     layout_grid_maze, gammafunk_ghost_hydra_chop, uniq_harold, uniq_erica
D:12:     layout_roguey, orc_0_dummy, portal_ice_cave_entry_ice_simulacra,
          gauntlet_entry_generic, nicolae_wooded_promenade, uniq_sonja
Lair:1:   layout_regular_city, nicolae_volcano_entry_vermiform,
          serial_bayou_crossing, grunt_megastairs_1
Lair:2:   dragon1_lemuel, layout_regular_city, palyth_hydra_swamp_entry,
          spider_nest_entry_funnel_web, nicolae_lair_grove_arrangements,
          eino_house_with_fridge, lemuel_fruit_tree, uniq_gastronok
Lair:3:   layout_misc_corridors, grunt_megastairs_5
Lair:4:   layout_regular_city, beast_lair_carwin_4
Lair:5:   layout_cave_shapes, slime_dummy
Lair:6:   gammafunk_lair_ancient_temple, layout_cave_shapes,
          ebering_ghost_inner_flame, uniq_nessos
Spider:1: layout_spider_delve, uniq_jorgrun
Spider:2: layout_chambers, nicolae_spider_paper_wasps,
          hangedman_spider_tarantella_strand
Spider:3: layout_spider_delve, drop_trap, uniq_arachne
Orc:1:    layout_caves
Orc:2:    st_orc_pillars, layout_caves, special_room, serial_shops, shop,
          uniq_donald
Elf:1:    minmay_elf_arrival_summoners, layout_gridlike,
          portal_desolation_entry_twin_temple, minivault_28, item_on_display_a
Desolation

Skill      XL: |  1  2  3  4  5  6  7  8  9 10 11 12 13 14 15 16 |
---------------+-------------------------------------------------+-----
Axes           | 4 5 6 7 8 9 11 13 15 17 19 20 | 20.0
Fighting       | 4 5 7 8 10 11 13 15 17 19 | 19.2
Armour         | 3 5 6 8 10 11 13 15 16 17 | 17.2
Evocations     | 1 6 8 9 |  9.8
Dodging        | 10 | 10.0

Action                   |  1- 3 |  4- 6 |  7- 9 | 10-12 | 13-15 | 16-18 || total
-------------------------+-------+-------+-------+-------+-------+-------++-------
Melee: Hand axe          |    32 |       |    14 |       |       |       ||    46
       Headbutt          |     9 |    15 |    45 |    48 |   213 |    52 ||   382
       Whip              |    34 |    78 |   130 |       |       |       ||   242
       Battleaxe         |       |       |   142 |   288 |   759 |   201 ||  1390
       Flail             |       |       |       |       |    57 |       ||    57
Throw: Stone             |     7 |       |       |       |       |       ||     7
       Dart              |     2 |    33 |     7 |     1 |       |       ||    43
       Boomerang         |       |       |       |    68 |   110 |    11 ||   189
Invok: Berserk           |     2 |     2 |     3 |    12 |    13 |     3 ||    35
       Trog's Hand       |       |     3 |     3 |     4 |    12 |    11 ||    33
       Brothers in Arms  |       |       |       |     5 |     5 |     2 ||    12
Evoke: Wand              |     1 |     5 |     2 |     1 |    18 |    12 ||    39
       Tin of tremorston |       |       |       |     2 |     2 |     3 ||     7
       Lightning rod     |       |       |       |     1 |     6 |       ||     7
  Use: Scroll            |     9 |       |     5 |    11 |    17 |     3 ||    45
       Potion            |       |       |       |       |     6 |     6 ||    12
 Stab: Sleeping          |     1 |       |       |       |       |       ||     1
       Petrified         |       |       |       |       |     1 |       ||     1
Armor: Animal skin       |    12 |     2 |       |       |       |       ||    14
       Scale mail        |       |    22 |    13 |       |       |       ||    35
       Chain mail        |       |       |   158 |    57 |   184 |   145 ||   544
       Plate armour      |       |       |       |    48 |   313 |    34 ||   395
Dodge: Dodged            |    29 |    32 |   108 |   221 |   619 |   218 ||  1227

Table legend: (Time is in decaauts)
 A = Elapsed time spent in this place.
 B = Non-inter-level travel time spent in this place.
 C = Inter-level travel time spent in this place.
 D = Time resting spent in this place.
 E = Time spent auto-exploring this place.
 F = Levels seen in this place.
 G = Mean time per level.
                   A        B        C        D        E       F      G
               +--------+--------+--------+--------+--------+-----+--------+
         Total |  29598 |  27524 |   2074 |   7000 |  14763 |  28 | 1057.1 |
       Dungeon |  14522 |  13512 |   1010 |   3819 |   7409 |  12 | 1210.2 |
          Lair |   6884 |   6212 |    672 |   1217 |   3584 |   6 | 1147.3 |
   Spider Nest |   4378 |   4184 |    194 |   1111 |   2449 |   3 | 1459.3 |
  Orcish Mines |   2023 |   1866 |    157 |    215 |   1008 |   2 | 1011.5 |
   Elven Halls |    285 |    246 |     39 |     79 |      7 |   1 |  285.0 |
        Bailey |    479 |    479 |      0 |    146 |    102 |   1 |  479.0 |
       Volcano |    154 |    154 |      0 |      9 |     12 |   1 |  154.0 |
    Desolation |      9 |      9 |      0 |      0 |      0 |   1 |    9.0 |
      Gauntlet |    862 |    862 |      0 |    403 |    191 |   1 |  862.0 |
               +--------+--------+--------+--------+--------+-----+--------+

Top non-repeatable levels by time:
Spider:2: 2678 daAuts
  Lair:2: 2170 daAuts
     D:7: 2014 daAuts
    D:11: 1682 daAuts
     D:8: 1450 daAuts
   Orc:2: 1275 daAuts
     D:6: 1270 daAuts
     D:1: 1263 daAuts
    D:10: 1251 daAuts
  Lair:6: 1185 daAuts
     D:3: 1183 daAuts
  Lair:4: 1182 daAuts
     D:4: 1177 daAuts
Spider:3: 1096 daAuts
  Lair:1: 895 daAuts
